 Dungeon Crawl Stone Soup version 0.21.0-24-g2553a33 (webtiles) character file.

347 sagitran the Slasher (level 6, -5/50 HPs)
             Began as a Demonspawn Gladiator on Jan 15, 2018.
             Slain by Pikel
             ... wielding a +2 whip of electrocution
              (7 damage)
             ... on level 4 of the Dungeon on Jan 19, 2018.
             The game lasted 00:22:46 (4426 turns).

sagitran the Slasher (Demonspawn Gladiator)         Turns: 4426, Time: 00:22:46

Health: -5/50      AC:  7    Str: 17    XL:     6   Next: 32%
Magic:  5/5        EV: 13    Int:  9    God:
Gold:   157        SH:  0    Dex: 14    Spells: 5/5 levels left

rFire    . . .     SeeInvis +   t - +1 flail (protect)
rCold    . . .     Gourm    .   (no shield)
rNeg     . . .     Faith    .   b - +0 leather armour
rPois    .         Spirit   .   c - +0 helmet
rElec    .         Reflect  .   h - +1 cloak
rCorr    .         Harm     .   p - +0 pair of gloves
MR       .....                  e - +0 pair of boots
Stlth    +.........             (no amulet)
HPRegen  0.16/turn              r - ring of see invisible
MPRegen  0.09/turn              s - ring of loudness

@: hasted, very quick
A: deformed body, low mp 1, nightstalker 1, powered by death 2, robust 1
a: no special abilities


You were on level 4 of the Dungeon.
You were not hungry.

You visited 1 branch of the dungeon, and saw 4 of its levels.

You collected 157 gold pieces.

Inventory:

Hand Weapons
 a - a +0 long sword
 j - a +0 hunting sling
 n - a +1 trident of venom
 t - a +1 flail of protection (weapon)
 w - a +2 quarterstaff of crushing
Missiles
 d - 2 throwing nets (quivered)
 m - 115 stones
Armour
 b - a +0 leather armour (worn)
 c - a +0 helmet (worn)
 e - a +0 pair of boots (worn)
 h - a +1 cloak (worn)
 o - a +0 helmet
 p - a +0 pair of gloves (worn)
Jewellery
 r - a ring of see invisible (left hand)
 s - a ring of loudness (right hand)
Wands
 g - a wand of enslavement (12)
 i - a wand of acid (6)
Scrolls
 u - a scroll of enchant armour
 v - 2 scrolls of identify
 x - a scroll of remove curse
 z - a scroll of amnesia {unknown}
Potions
 k - a potion of flight
Comestibles
 f - 10 rations


   Skills:
 + Level 2.7 Fighting
 + Level 3.9 Long Blades
 + Level 2.5 Maces & Flails
 + Level 2.0 Throwing
 + Level 2.5 Armour
 + Level 3.6 Dodging
 + Level 0.2 Stealth
 + Level 0.1 Evocations


You had 5 spell levels left.
You didn't know any spells.

Dungeon Overview and Level Annotations

Branches:
Dungeon (4/15)
 Temple: D:4-7

Altars:

Annotations:
D:4 Pikel


Innate Abilities, Weirdness & Mutations

You are slightly more attuned to the shadows.
You regenerate health from kills.
Armour fits poorly on your strangely shaped body.
Your magical capacity is low. (-10% MP)
You are robust. (+10% HP)


Message History

The bolt of acid hits Pikel.
Pikel is splashed with acid.
The acid corrodes Pikel!
Pikel is severely wounded.
Pikel hits you with a whip of electrocution.
* * * LOW HITPOINT WARNING * * *
You are electrocuted!
* * * LOW HITPOINT WARNING * * *
A slave comes into view.
Okay, then.
Press: ? - help, v - describe, . - travel
Here: Pikel, wielding a whip of electrocution and wearing a robe (severely wounded, covered in acid)
The floor.
Okay, then.
Okay, then.
Evoke which item? (* to show all) (? for menu, Esc to quit)
Okay, then.
You see here a leopard gecko corpse.
You feel yourself speed up.
Pikel hits you with a whip of electrocution!
You die...

#..##
#.........#
## #..#
#..######...
#. ..#.. ...#
#### #.
.....#######
#.
..$p?(....#
#.
....#####.##
###### ##. ..
#..# ##.....#
#.W
##K###.......
#.#
#.@.........
#.#
####........
#.# #........
#.# ....>....
###.#
##........
#...#
#........
#.###
#........ #W#
.........##.#
.........##.#


You could see Pikel.

Vanquished Creatures
  A phantom (D:4)
  A slave (D:4)
  An orc priest (D:2)
  Jessica (D:3)
  Robin (D:3)
  3 gnolls (D:2)
  5 adders
  An ooze (D:2)
  4 worms
  A dart slug (D:3)
  5 leopard geckos
  10 orcs
  A ball python (D:2)
  3 bats
  4 giant cockroaches
  21 goblins
  5 hobgoblins
  3 jackals (D:3)
  7 kobolds
  2 quokkas (D:3)
  A ball python skeleton (D:4)
  3 frilled lizards
  7 rats
91 creatures vanquished.

Notes
Turn   | Place    | Note
-------+----------+-------------------------------------------
     0 | D:1      | sagitran the Demonspawn Gladiator began the quest for the Orb.
     0 | D:1      | Reached XP level 1. HP: 16/16 MP: 1/1
   121 | D:1      | Gained mutation: You regenerate a little health from kills. [demonic ancestry]
   121 | D:1      | Reached XP level 2. HP: 15/22 MP: 2/2
   918 | D:1      | Gained mutation: You are slightly more attuned to the shadows. [demonic ancestry]
   918 | D:1      | Reached XP level 3. HP: 27/27 MP: 3/3
  1583 | D:2      | Upgraded the game from 0.21.0-3-g78d12a8 to 0.21.0-24-g2553a33
  1702 | D:2      | Gained mutation: You evolve. [potion of mutation]
  1702 | D:2      | Gained mutation: You have a beak for a mouth. [potion of mutation]
  1926 | D:1      | Lost mutation: You have a beak for a mouth. [potion of mutation]
  1926 | D:1      | Lost mutation: You evolve. [potion of mutation]
  1926 | D:1      | Gained mutation: Your magical capacity is low. (-10% MP) [potion of mutation]
  1926 | D:1      | Gained mutation: Armour fits poorly on your strangely shaped body. [potion of mutation]
  1926 | D:1      | Gained mutation: You are robust. (+10% HP) [potion of mutation]
  2061 | D:2      | Reached XP level 4. HP: 34/36 MP: 3/3
  2296 | D:3      | Noticed Jessica
  2307 | D:3      | Killed Jessica
  2307 | D:3      | Reached skill level 1 in Maces & Flails
  2425 | D:2      | Reached skill level 1 in Armour
  2724 | D:4      | Reached XP level 5. HP: 16/42 MP: 4/4
  3032 | D:4      | Noticed Pikel
  3033 | D:4      | Noticed a slave
  3033 | D:4      | Noticed a slave
  3457 | D:3      | Noticed Robin
  3915 | D:3      | Killed Robin
  4280 | D:4      | Noticed a slave
  4283 | D:4      | Noticed a phantom
  4348 | D:4      | Killed a slave
  4420 | D:4      | Killed a phantom
  4420 | D:4      | Gained mutation: You regenerate health from kills. [demonic ancestry]
  4420 | D:4      | Reached XP level 6. HP: 16/50 MP: 5/5
  4421 | D:4      | HP: 1/50 [Pikel/whip of electrocution (12)]
  4422 | D:4      | Noticed a slave
  4426 | D:4      | Slain by Pikel

Skill      XL: |  1  2  3  4  5 |
---------------+----------------+-----
Long Blades    | 3 |  3.9
Dodging        | 3 |  3.6
Maces & Flails | 1 2 |  2.5
Armour         | 1 2 |  2.5
Throwing       | 2 |  2.0
Fighting       | |  2.7
Stealth        | |  0.2
Evocations     | |  0.1

Action                   |  1- 3 |  4- 6 || total
-------------------------+-------+-------++-------
Melee: Long sword        |    95 |       ||    95
       Flail             |    21 |   190 ||   211
 Fire: Hunting sling     |     2 |       ||     2
Throw: Javelin           |     2 |     6 ||     8
       Throwing net      |     1 |     2 ||     3
Evoke: Wand              |       |     4 ||     4
  Use: Scroll            |     5 |     4 ||     9
       Potion            |     3 |     8 ||    11
 Stab: Sleeping          |     2 |       ||     2
       Held in net/web   |       |     1 ||     1
  Eat: Ration            |     1 |     3 ||     4
Armor: Leather armour    |    35 |   108 ||   143
Dodge: Dodged            |   108 |   233 ||   341
       Rpst.: Long sword |    24 |       ||    24
